 Dungeon Crawl Stone Soup version 0.27-a0-531-gb72ec1a1b6 (webtiles) character file.

Game seed: 824290142628023772

281 Morbidden the Stinger (level 6, -1/41 HPs)
             Began as an Octopode Venom Mage on Mar 5, 2021.
             Was a Believer of Cheibriados.
             Slain by a black bear (3 damage)
             ... on level 3 of the Dungeon.
             The game lasted 00:05:16 (5451 turns).

Morbidden the Stinger (Octopode Venom Mage)         Turns: 5451, Time: 00:05:16

Health: -1/41      AC:  1    Str: 12    XL:     6   Next: 27%
Magic:  1/11       EV: 13    Int: 24    God:    Cheibriados [**....]
Gold:   79         SH:  0    Dex: 18    Spells: 8/11 levels left

rFire    . . .     SeeInvis .   a - +0 shortbow
rCold    . . .     Faith    .   (shield currently unavailable)
rNeg     . . .     Spirit   .   (helmet restricted)
rPois    .         Reflect  .   (no amulet)
rElec    .         Harm     .   (no ring)
rCorr    .         Rampage  .   (no ring)
Will     .....                  (no ring)
Stlth    +++.......             (no ring)
HPRegen  0.13/turn              (no ring)
MPRegen  0.12/turn              (no ring)
                                (no ring)
                                (no ring)

@: very slow
A: almost no armour, amphibious, 8 rings, constrict 8, camouflage 1, gelatinous
body 1, nimble swimmer 1
a: Renounce Religion, Bend Time


You were on level 3 of the Dungeon.
You worshipped Cheibriados.
Cheibriados was pleased with you.
You visited 1 branch of the dungeon, and saw 3 of its levels.

You collected 79 gold pieces.

Inventory:

Hand Weapons
 a - a +0 shortbow (weapon)
Missiles
 e - 2 javelins
 f - 43 arrows (quivered ammo)
Jewellery
 c - a ring of flight
Scrolls
 d - a scroll of enchant armour {unknown}
 h - a scroll of amnesia {unknown}
Potions
 b - 2 potions of brilliance {unknown}
 g - 3 potions of invisibility {unknown}


   Skills:
 * Level 2.5 Fighting
 + Level 0.4 Bows
 + Level 2.1 Dodging
 + Level 2.9 Stealth
 + Level 0.5 Unarmed Combat
 * Level 3.3 Spellcasting
 * Level 1.8 Transmutations
 + Level 0.6 Air Magic
 * Level 5.0 Poison Magic
 * Level 1.8 Invocations


You had 8 spell levels left.
You knew the following spells:

 Your Spells              Type           Power      Damage    Failure   Level
a - Sting                 Tmut/Pois      80%        1d7       2%          1
b - Poisonous Vapours     Pois/Air       34%        N/A       4%          2

Your spell library contained the following spells:

 Spells                   Type           Power      Damage    Failure   Level
 Ignite Poison            Fire/Tmut/Pois 15%        N/A       12%         3
 Olgreb's Toxic Radiance  Pois           28%        N/A       13%         4
 Mephitic Cloud           Conj/Pois/Air  13%        N/A       14%         3


Dungeon Overview and Level Annotations

Branches:
Dungeon (3/15)

Altars:
Cheibriados


Innate Abilities, Weirdness & Mutations

You cannot wear most types of armour.
You are amphibious.
You can wear up to eight rings at the same time.
You can use your tentacles to constrict eight enemies at once.
Your skin changes colour to match your surroundings (Stealth+).
Your rubbery body absorbs attacks. (AC +1, EV +1)
You are stealthy while swimming. (Stealth+)


Message History

The black bear claws you. x2
Unknown command.
You shoot an arrow.
The arrow closely misses the black bear.
The black bear bites you! The black bear claws you.
The black bear barely misses you.
Unknown command.
Casting: Poisonous Vapours (safe; 4% risk of failure)
Confirm with . or Enter, or press ? or * to list all spells.
Aiming: Sting (safe; 2% risk of failure)
Press: ? - help, Shift-Dir - straight line, f/p - black bear
Aim: a black bear (moderately wounded, very poisoned, 18% to evade)
The sting hits the black bear.
The black bear looks as sick as possible!
The black bear is moderately wounded.
The black bear bites you. The black bear claws you.
The black bear barely misses you.
Casting: Sting (safe; 2% risk of failure)
Confirm with . or Enter, or press ? or * to list all spells.
Aiming: Sting (safe; 2% risk of failure)
Press: ? - help, Shift-Dir - straight line, f/p - black bear
Aim: a black bear (heavily wounded, extremely poisoned, 18% to evade)
The sting misses the black bear.
The black bear bites you. The black bear claws you.
* * * LOW HITPOINT WARNING * * *
The black bear claws you but does no damage.
You are too injured to fight recklessly!
Unknown command.
Casting: Sting (safe; 2% risk of failure)
Confirm with . or Enter, or press ? or * to list all spells.
Aiming: Poisonous Vapours (safe; 4% risk of failure)
Press: ? - help, Dir - move target, f/p - black bear
Aim: a black bear (heavily wounded, extremely poisoned) Poisonous vapours surround the black bear!
The black bear is engulfed in poison gas.
The black bear looks as sick as possible!
The black bear bites you!
* * * LOW HITPOINT WARNING * * *
The black bear barely misses you. The black bear claws you.
You die...

#### ##. ..# #.
#.# ########.
####.#####........
#(.........#.###..
#.##.##.#####...#
#.# #....)..#
#######.#
####h#### #....
####@# #.#.#
#....# ##.#..
#.####
########..รท.. #.#
#..>..##..##. #.#
#.....##..##. #.#
#............ #.#
#.....####### #.#
#.....# ## #.###
####### #.


You could see a black bear (extremely poisoned).

Vanquished Creatures
  A centaur (D:3)
  A bullfrog (D:3)
  An orc wizard (D:3)
  3 adders (D:2)
  2 oozes
  A worm (D:3)
  A dart slug (D:3)
  A leopard gecko (D:2)
  5 orcs (D:3)
  8 bats
  2 giant cockroaches
  8 goblins
  6 hobgoblins
  13 jackals
  2 quokkas (D:3)
  2 frilled lizards (D:2)
  3 kobolds
  8 rats
68 creatures vanquished.

Notes
Turn   | Place    | Note
-------+----------+-------------------------------------------
     0 | D:1      | Morbidden the Octopode Venom Mage began the quest for the
                  | Orb.
     0 | D:1      | Reached XP level 1. HP: 11/11 MP: 3/3
   400 | D:1      | Reached XP level 2. HP: 13/18 MP: 5/5
   527 | D:1      | Found a snail-covered altar of Cheibriados.
   544 | D:1      | Became a worshipper of Cheibriados the Contemplative
   820 | D:1      | Reached skill level 1 in Fighting
  1180 | D:1      | Learned a level 2 spell: Poisonous Vapours
  1634 | D:2      | Reached XP level 3. HP: 20/24 MP: 0/6
  1730 | D:2      | Reached skill level 4 in Poison Magic
  2031 | D:2      | Reached * piety under Cheibriados
  2395 | D:2      | Reached XP level 4. HP: 8/29 MP: 3/7
  2944 | D:2      | Reached skill level 1 in Invocations
  3265 | D:2      | Found a faded altar of an unknown god.
  3698 | D:3      | Noticed a centaur
  3864 | D:3      | Noticed a black bear
  4337 | D:3      | Reached ** piety under Cheibriados
  4370 | D:3      | Reached XP level 5. HP: 28/34 MP: 0/9
  4657 | D:3      | Killed a centaur
  5064 | D:3      | Reached skill level 5 in Poison Magic
  5064 | D:3      | Reached XP level 6. HP: 30/41 MP: 6/11
  5451 | D:3      | HP: 2/41 [black bear (9)]
  5451 | D:3      | Slain by a black bear

Illustrated notes

Levels and vault maps discovered:
D:1:      mushboom_english_gardens, layout_basic, cheibriados_altar_1
D:2:      layout_basic, chequers_ecumenical_altar_grove, minivault_19
D:3:      layout_loops_cross

Skill      XL: |  1  2  3  4  5 |
---------------+----------------+-----
Fighting       | 1 2 |  2.5
Poison Magic   | 4 5 |  5.0
Invocations    | 1 |  1.8
Spellcasting   | 3 |  3.3
Bows           | |  0.4
Dodging        | |  2.1
Stealth        | |  2.9
Unarmed Combat | |  0.5
Transmutations | |  1.8
Air Magic      | |  0.6

Action                   |  1- 3 |  4- 6 || total
-------------------------+-------+-------++-------
Melee: Unarmed           |    43 |    27 ||    70
       Constrict         |    11 |    11 ||    22
       Tentacles         |     8 |     8 ||    16
 Fire: Shortbow          |       |    26 ||    26
 Cast: Sting             |    23 |    27 ||    50
       Poisonous Vapours |    13 |    27 ||    40
Armor: Skin              |     2 |     4 ||     6
Dodge: Dodged            |    30 |    37 ||    67

Table legend: (Time is in decaauts)
 A = Elapsed time spent in this place.
 B = Non-inter-level travel time spent in this place.
 C = Inter-level travel time spent in this place.
 D = Time resting spent in this place.
 E = Time spent auto-exploring this place.
 F = Levels seen in this place.
 G = Mean time per level.
                   A        B        C        D        E       F      G
               +--------+--------+--------+--------+--------+-----+--------+
         Total |   6377 |   5961 |    416 |   1426 |   4086 |   3 | 2125.7 |
       Dungeon |   6377 |   5961 |    416 |   1426 |   4086 |   3 | 2125.7 |
               +--------+--------+--------+--------+--------+-----+--------+

Top non-repeatable levels by time:
     D:2: 2504 daAuts
     D:3: 2090 daAuts
     D:1: 1781 daAuts
